Map: [ESL] Tropical Sacrifice

Players

AqueroN

  • Race: Terran Terran
  • Spawn Location: 7:00

Krystianer - Winner!

  • Race: Protoss Protoss
  • Spawn Location: 1:00

Event: DreamHack SC2 Masters 2022 Atlanta (Online)

VOD

Have the link to the VOD?

Description

Time

  • Played on: Oct. 9, 2022, 10:17 a.m.
  • Length: 12:22

All games in this series

Show
View Real Time Build Order
Export as new Build Order

AqueroN Terran 

Build Orders:  

Get SALT Encoding   

  12  0:00  SCV  
  13  0:12  SCV  
  14  0:17  Supply Depot  
  14  0:24  SCV  
  15  0:39  SCV  
  15  0:41  Barracks  
  16  0:44  Refinery  
  16  0:51  SCV  
  16  0:54  Refinery  
  17  1:03  SCV  
  18  1:06  Supply Depot  
  18  1:15  SCV  
  19  1:28  Reaper  
  19  1:30  Orbital Command  
  20  1:43  Factory  
  20  1:55  SCV  
  20  2:00  Barracks Reactor  
  21  2:08  SCV  
  22  2:18  Command Center  
  22  2:21  SCV  
  23  2:27  Hellion  
  25  2:35  Starport  
  25  2:38  SCV  
  25  2:40  Marine  
  25  2:42  Marine  
  28  2:48  Supply Depot  
  28  2:53  Hellion  
  30  3:00  Marine  
  31  3:09  SCV, Marine  
  33  3:14  Medivac  
  33  3:15  Hellion  
  37  3:22  Supply Depot  
  37  3:25  SCV  
  38  3:31  Orbital Command  
  38  3:37  Marine x2  
  38  3:38  Factory Tech Lab  
  40  3:41  SCV  
  40  3:48  Viking  
  43  3:56  Marine x2  
  43  3:58  SCV  
  43  3:59  SCV  
  47  4:05  Siege Tank  
  50  4:10  SCV  
  50  4:11  SCV  
  54  4:19  Barracks  
  52  4:24  Barracks, SCV  
  52  4:30  Marine x2  
  52  4:31  SCV  
  55  4:37  SCV  
  55  4:38  Viking  
  58  4:41  Siege Tank  
  58  4:43  SCV  
  62  4:52  Supply Depot  
  62  4:53  Supply Depot  
  62  5:03  Marine x2  
  62  5:04  SCV x2  
  66  5:14  Barracks Tech Lab  
  66  5:16  SCV x2, Barracks  
  66  5:20  Barracks, Stimpack, Marine  
  69  5:27  Factory Reactor  
  69  5:28  SCV x2  
  71  5:30  Supply Depot  
  71  5:32  Marine x2  
  71  5:34  Combat Shield  
  73  5:41  SCV x2  
  73  5:46  Starport Reactor  
  73  5:48  Refinery  
  75  5:50  Marauder  
  75  5:52  Marauder  
  75  5:53  SCV x2  
  75  5:57  Marine x2  
  75  5:59  Bunker  
  77  6:05  Marine  
  77  6:06  SCV  
  77  6:09  Marine  
  80  6:14  SCV  
  80  6:15  Bunker  
  80  6:16  Marauder x2  
  80  6:18  SCV  
  86  6:22  Supply Depot  
  86  6:24  Medivac  
  86  6:25  Refinery  
  86  6:30  Widow Mine x2  
  88  6:34  Marine x3  
  88  6:35  SCV  
  88  6:37  SCV  
  89  6:46  Marauder x2  
  92  6:47  Barracks Tech Lab  
  92  6:49  Medivac  
  92  6:53  Supply Depot  
  94  6:56  Widow Mine x2  
  94  6:57  Concussive Shells  
  98  7:05  Marine  
  98  7:06  Marine  
  98  7:07  Marauder  
  98  7:08  Marauder  
  104  7:12  Medivac, Marauder  
  108  7:15  Marine  
  109  7:28  Marauder  
  109  7:29  Marauder  
  113  7:32  Supply Depot x2  
  113  7:34  Marauder  
  114  7:43  Marine x2  
  116  7:45  Widow Mine  
  116  7:51  Barracks Reactor  
  118  7:52  Command Center  
  118  7:54  Marauder x2  
  122  8:04  Supply Depot x2  
  122  8:08  Marauder  
  122  8:10  Widow Mine x2  
  124  8:15  Marauder  
  124  8:16  Marine x2  
  109  8:25  Medivac x2  
  113  8:29  Marauder  
  113  8:30  Marauder  
  113  8:31  Widow Mine x2  
  117  8:36  Marauder  
  117  8:40  Marine x2  
  93  8:49  Marine  
  93  8:51  Marauder x2  
  93  8:52  Widow Mine  
  90  8:58  Marauder  
  90  9:01  SCV x2  
  90  9:02  Marine x3  
  95  9:06  Ghost Academy  
  95  9:12  Marauder  
  95  9:15  Widow Mine x2, Marauder  
  95  9:16  Marine  
  104  9:21  Orbital Command  
  104  9:30  Marauder, Marine x3  
  109  9:33  Marauder  
  109  9:36  Widow Mine x2  
  113  9:38  Medivac x2  
  113  9:43  Marauder, Marine  
  115  9:55  Marine x3  
  115  9:59  SCV  
  119  10:00  SCV  
  119  10:04  Widow Mine x2  
  125  10:15  Ghost x2  
  125  10:16  Ghost  
  125  10:17  Marine x4  
  125  10:18  Liberator x2  
  135  10:31  Widow Mine x2  
  135  10:34  Marine  
  135  10:35  Marine x3  
  137  10:46  Marauder x3  
  143  10:52  Widow Mine x2  
  143  10:54  Marine x3  
  150  10:59  Supply Depot  
  150  11:18  Marine x4  
  143  11:19  Marauder  
  109  11:56  Widow Mine  
  109  11:57  Widow Mine  
  83  12:04  Marine x4  
Show
View Real Time Build Order
Export as new Build Order

Krystianer Protoss - Winner!

Build Orders: 1 Gate Expand, Oracle Opening, Zealot Archon 

Get SALT Encoding   

  12  0:00  Probe  
  13  0:12  Probe  
  14  0:18  Pylon  
  14  0:24  Probe (Chrono Boost)  
  15  0:36  Gateway  
  15  0:37  Probe (Chrono Boost)  
  16  0:44  Probe (Chrono Boost)  
  16  0:46  Assimilator  
  17  0:51  Probe  
  18  1:03  Probe  
  19  1:15  Probe  
  20  1:24  Nexus  
  21  1:34  Assimilator  
  21  1:38  Cybernetics Core  
  21  1:39  Probe  
  21  1:45  Assimilator  
  21  1:51  Probe  
  22  1:55  Pylon  
  22  2:04  Probe  
  23  2:11  Adept (Chrono Boost)  
  25  2:16  Probe  
  25  2:20  Stargate  
  26  2:28  Warp Gate, Probe  
  27  2:35  Stalker  
  29  2:40  Probe (Chrono Boost)  
  31  2:45  Probe (Chrono Boost)  
  31  2:50  Probe (Chrono Boost)  
  32  2:54  Probe (Chrono Boost)  
  32  2:57  Probe (Chrono Boost)  
  34  2:58  Probe (Chrono Boost)  
  34  3:01  Oracle (Chrono Boost)  
  37  3:06  Probe  
  37  3:11  Stalker  
  40  3:13  Probe  
  40  3:18  Probe  
  42  3:24  Pylon  
  42  3:25  Probe  
  43  3:31  Gateway  
  43  3:37  Gateway  
  43  3:41  Probe  
  45  3:43  Twilight Council  
  45  3:45  Probe  
  45  3:53  Probe  
  46  3:57  Probe  
  47  4:05  Probe  
  49  4:12  Nexus  
  49  4:14  Blink (Chrono Boost), Pylon  
  49  4:17  Probe  
  49  4:21  Probe  
  49  4:29  Probe  
  46  4:31  Phoenix (Chrono Boost)  
  46  4:33  Probe  
  49  4:41  Probe  
  50  4:45  Probe  
  50  4:47  Assimilator  
  50  4:48  Stalker  
  50  4:51  Stalker  
  55  4:56  Stalker  
  57  5:00  Probe  
  57  5:01  Probe  
  59  5:09  Pylon  
  59  5:12  Probe  
  59  5:13  Probe  
  61  5:24  Shield Battery  
  61  5:25  Stalker x3  
  61  5:27  Probe  
  61  5:28  Probe  
  69  5:30  Probe  
  70  5:39  Probe  
  70  5:40  Probe  
  73  5:48  Stalker x3  
  81  5:57  Probe x2 (Chrono Boost)  
  81  5:59  Gateway  
  81  6:00  Gateway  
  81  6:03  Gateway  
  81  6:05  Probe (Chrono Boost)  
  81  6:07  Pylon  
  81  6:08  Probe (Chrono Boost)  
  81  6:10  Charge, Probe (Chrono Boost)  
  83  6:19  Gateway  
  83  6:21  Gateway  
  83  6:22  Probe  
  83  6:23  Assimilator  
  84  6:26  Probe  
  84  6:27  Probe  
  86  6:36  Zealot x3  
  82  6:51  Gateway  
  82  6:53  Gateway  
  82  6:56  Pylon  
  82  6:57  Templar Archives  
  82  6:58  Zealot x5, Pylon  
  92  7:03  Pylon  
  92  7:04  Pylon  
  92  7:10  Probe, Pylon  
  92  7:14  Probe, Pylon  
  92  7:15  Zealot, Sentry  
  96  7:21  Stalker x3  
  104  7:23  Zealot  
  104  7:29  Zealot x2  
  110  7:41  High Templar  
  110  7:42  High Templar  
  104  7:44  Zealot x4  
  104  7:46  Archon  
  104  7:50  Zealot x2  
  104  7:51  Zealot x2  
  118  8:06  Zealot x4  
  121  8:16  Stalker x6  
  119  8:25  Assimilator  
  120  8:27  Forge  
  120  8:29  Zealot x3  
  120  8:31  Probe  
  120  8:32  Probe  
  120  8:33  Probe  
  110  8:43  Probe  
  110  8:44  Probe  
  110  8:45  Probe  
  97  8:50  Zealot x3  
  97  8:54  Protoss Ground Weapons Level 1 (Chrono Boost)  
  97  8:55  Psionic Storm  
  92  9:00  Zealot x5  
  98  9:05  Assimilator  
  95  9:14  High Templar x2  
  95  9:15  Zealot x3  
  105  9:22  Zealot x2  
  109  9:24  Robotics Facility  
  109  9:31  Zealot x3  
  115  9:49  High Templar x3  
  115  9:50  Zealot x4  
  125  9:55  Stalker x3  
  125  9:56  Probe  
  128  10:13  Pylon  
  124  10:14  Pylon  
  124  10:17  Pylon  
  124  10:21  Warp Prism  
  124  10:27  Pylon  
  124  10:32  Stalker x3  
  124  10:33  Stalker x3  
  136  10:45  Pylon  
  136  10:50  Probe  
  136  10:55  High Templar  
  136  10:56  High Templar x3  
  145  10:59  Zealot x3  
  145  11:01  Nexus  
  149  11:06  Archon  
  149  11:09  Zealot x3  
  149  11:11  Probe x2  
  156  11:12  Probe  
  156  11:17  Archon  
  158  11:23  Probe x2  
  158  11:24  Probe  
  161  11:29  Zealot x2  
  165  11:38  Pylon  
  164  11:40  Pylon  
  164  11:42  Pylon  
  164  11:43  Zealot x2  
  164  11:51  Zealot x4  
  164  11:52  Zealot  
  120  12:06  Zealot x5  
Tags
 
Add a new tag
Caveats
  • Supply blocks, unpowered buildings, or Contaminate may cause inaccurate times.
  • Supply counts are checked every 10 seconds.